 Dungeon Crawl Stone Soup version 0.21.1-1-g345015f (webtiles) character file.

2959 vatarom the Cleaver (level 9, -1/81 HPs)
             Began as a Deep Dwarf Fighter on Apr 22, 2018.
             Was a Follower of Makhleb.
             Slain by a two-headed ogre
             ... wielding a +0 giant spiked club
              (23 damage)
             ... on level 8 of the Dungeon.
             The game lasted 00:12:49 (5948 turns).

vatarom the Cleaver (Deep Dwarf Fighter)            Turns: 5948, Time: 00:12:50

Health: -1/81      AC: 10    Str: 21    XL:     9   Next: 52%
Magic:  9/9        EV:  9    Int:  9    God:    Makhleb [*.....]
Gold:   414        SH: 11    Dex: 16    Spells: 8/8 levels left

rFire    + + .     SeeInvis .   a - +0 war axe
rCold    . . .     Gourm    .   c - +0 shield
rNeg     . . .     Faith    .   y - +2 leather armour {rF+}
rPois    .         Spirit   .   p - +2 helmet
rElec    .         Reflect  .   j - +0 cloak
rCorr    .         Harm     +   (no gloves)
MR       +....                  (no boots)
Stlth    +.........             B - amulet of harm
HPRegen  0.00/turn              h - +3 ring of slaying
MPRegen  0.11/turn              q - ring of protection from fire

@: non-regenerating
A: damage resistance, heal wounds, agile 1, low mp 1, sense surroundings 2, no
regeneration
a: Heal Wounds, Renounce Religion


You were on level 8 of the Dungeon.
You worshipped Makhleb.
Makhleb was aware of your devotion.
You were not hungry.

You visited 2 branches of the dungeon, and saw 9 of its levels.

You collected 606 gold pieces.
You spent 192 gold pieces at shops.

Inventory:

Hand Weapons
 a - a +0 war axe (weapon)
Missiles
 u - 3 javelins (quivered)
Armour
 c - a +0 shield (worn)
 j - a +0 cloak (worn)
 p - a +2 helmet (worn)
 y - a +2 leather armour of fire resistance (worn)
Jewellery
 h - a +3 ring of slaying (left hand)
 q - a ring of protection from fire (right hand)
 B - an amulet of harm (around neck)
Wands
 w - a wand of flame (21)
 z - a wand of paralysis (3)
Scrolls
 e - 4 scrolls of teleportation
 g - 2 scrolls of enchant weapon
 n - a scroll of enchant armour
 s - a scroll of fog
 v - a scroll of immolation
 E - a scroll of identify
 F - a scroll of amnesia
 G - a scroll of remove curse
Potions
 d - a potion of might
 i - a potion of lignification {unknown}
 k - 3 potions of cancellation
 o - 3 potions of agility
 r - 5 potions of curing
 t - a potion of brilliance {unknown}
 A - a potion of flight {unknown}
Books
 b - a book of Maledictions

   Spells                             Type                      Level
   a - Corona                         Hexes                        1
   b - Ensorcelled Hibernation        Hexes/Ice                    2
   c - Confuse                        Hexes                        3
   d - Tukima's Dance                 Hexes                        3
   e - Dazzling Spray                 Conjuration/Hexes            3
 x - a book of Geomancy

   Spells                             Type                      Level
   a - Sandblast                      Earth                        1
   b - Passwall                       Transmutation/Earth          2
   c - Stone Arrow                    Conjuration/Earth            3
   d - Petrify                        Transmutation/Earth          4
   e - Lee's Rapid Deconstruction     Earth                        5
 C - a book of Minor Magic

   Spells                             Type                      Level
   a - Magic Dart                     Conjuration                  1
   b - Blink                          Translocation                2
   c - Call Imp                       Summoning                    2
   d - Slow                           Hexes                        2
   e - Conjure Flame                  Conjuration/Fire             3
   f - Mephitic Cloud                 Conjuration/Poison/Air       3
 D - a book of Power

   Spells                             Type                      Level
   a - Iskenderun's Battlesphere      Conjuration/Charms           5
   b - Venom Bolt                     Conjuration/Poison           5
   c - Bolt of Magma                  Conjuration/Fire/Earth       5
   d - Iron Shot                      Conjuration/Earth            6
   e - Orb of Destruction             Conjuration                  7
   f - Spellforged Servitor           Conjuration/Summoning        7
Comestibles
 f - 9 rations


   Skills:
 * Level 5.0 Fighting
 + Level 9.0 Axes
 - Level 8.6 Armour
 * Level 6.0 Shields
 * Level 5.5 Invocations


You had 8 spell levels left.
You didn't know any spells.

Dungeon Overview and Level Annotations

Branches:
Dungeon (8/15)             Temple (1/1) D:6
   Lair: D:8-11

Altars:
Ashenzari
Cheibriados
Dithmenos
Elyvilon
Fedhas
Gozag
Kikubaaqudgha
Makhleb
Nemelex Xobeh
Okawaru
Qazlal
Ru
Sif Muna
Vehumet
Zin
The Shining One

Shops:
D:5 *   D:6 %}(


Innate Abilities, Weirdness & Mutations

You are resistant to damage.
You can heal yourself by infusing magical energy.
You passively map the area around you.
You do not regenerate.
You are agile. (Dex +2)
Your magical capacity is low. (-10% MP)


Message History

Press: ? - help, Shift-Dir - straight line, f/p - hornet
Aim: a hornet (chance to defeat MR: 37%)
The hornet suddenly stops moving!
An ogre comes into view. It is wielding a giant spiked club.
Unknown command.
The helpless hornet fails to defend itself.
You slash the hornet!
The hornet is heavily wounded.
You feel yourself speed up.
The ogre moves out of view.
The helpless hornet fails to defend itself.
You slice the hornet!!
You kill the hornet!
Makhleb accepts your kill.
Your Fighting skill increases to level 5!
Your Axes skill increases to level 9!
Your Shields skill increases to level 6!
Okay, then.
The two-headed ogre hits you with a giant spiked club!!
You die...

, ,, , ,, .
, * * * #.
*,, ,.# *
#.#### #. **
* * **
#....# ,. #
,
..#.##.#.#..
* ** *
#...#....,*
, * #...†.#
* * * * ,*
#..O# *
*#...#@## ##
#.# , * *
#.# * , #<#
* * * #.# ,
* #.# ** ,
*#.# , , ..#
* ** , ###


You could see a two-headed ogre.

Vanquished Creatures
  Pikel (D:6)
  2 hornets
  A wyvern (D:6)
  3 orc warriors (D:7)
  A phantom (D:6)
  A hornet zombie (D:6)
  4 ogres
  A necrophage (D:6)
  A gnoll sergeant (D:6)
  A water moccasin skeleton (D:7)
  4 scorpions
  A howler monkey (D:7)
  3 crimson imps
  A hound (D:6)
  3 orc wizards
  A bullfrog skeleton (D:4)
  3 orc priests (D:7)
  A centaur skeleton (D:7)
  5 worker ants
  A hound skeleton (D:5)
  8 adders
  4 gnolls (D:6)
  A shadow imp (D:7)
  2 oozes
  2 adder skeletons
  3 worms
  A dart slug (D:1)
  4 leopard geckos
  15 orcs
  6 giant cockroaches
  6 goblins
  9 hobgoblins
  4 jackals (D:2)
  7 kobolds
  A quokka (D:7)
  A ball python (D:7)
  8 bats
  3 frilled lizards
  A jackal skeleton (D:4)
  9 rats
134 creatures vanquished.

Vanquished Creatures (others)
  4 slaves (D:6)
  A gnoll (D:6)
5 creatures vanquished.

Grand Total: 139 creatures vanquished

Notes
Turn   | Place    | Note
-------+----------+-------------------------------------------
     0 | D:1      | vatarom the Deep Dwarf Fighter began the quest for the Orb.
     0 | D:1      | Reached XP level 1. HP: 20/20 MP: 1/1
   192 | D:1      | Reached XP level 2. HP: 20/27 MP: 2/2
  1039 | D:2      | Reached skill level 3 in Axes
  1074 | D:2      | Reached XP level 3. HP: 24/33 MP: 3/3
  1115 | D:2      | Reached XP level 4. HP: 27/40 MP: 4/4
  1224 | D:2      | Gained mutation: Your magical capacity is low. (-10% MP) [potion of mutation]
  1224 | D:2      | Gained mutation: You are agile. (Dex +2) [potion of mutation]
  1570 | D:2      | Reached skill level 4 in Axes
  1937 | D:3      | Reached XP level 5. HP: 48/48 MP: 4/4
  2002 | D:3      | Reached skill level 5 in Armour
  2036 | D:3      | Found a shattered altar of Ashenzari.
  2077 | D:3      | Found an ancient bone altar of Kikubaaqudgha.
  2080 | D:3      | Found a blossoming altar of Fedhas.
  2501 | D:4      | Reached skill level 5 in Axes
  2645 | D:4      | Noticed an ogre
  2652 | D:4      | Killed an ogre
  2652 | D:4      | Reached XP level 6. HP: 42/55 MP: 5/5
  3164 | D:5      | Entered Level 5 of the Dungeon
  3321 | D:5      | Reached skill level 6 in Axes
  3321 | D:5      | Reached XP level 7. HP: 61/61 MP: 6/6
  3470 | D:5      | Found Ucumaw's General Store.
  3661 | D:6      | Noticed Pikel
  3677 | D:6      | Killed Pikel
  3677 | D:6      | Reached skill level 7 in Axes
  3677 | D:6      | Reached XP level 8. HP: 43/68 MP: 7/7
  3799 | D:6      | Reached skill level 8 in Axes
  3820 | D:6      | Found a staircase to the Ecumenical Temple.
  3832 | Temple   | Entered the Ecumenical Temple
  3893 | Temple   | Became a worshipper of Makhleb the Destroyer
  3942 | D:6      | Found Ecsur's Food Emporium.
  4271 | D:6      | Reached skill level 1 in Invocations
  4486 | D:6      | Found Nypimnuj's Gadget Shop.
  4511 | D:6      | Found Giwopp's Weapon Emporium.
  4574 | D:6      | Bought a wand of paralysis (14) for 192 gold pieces
  4595 | D:6      | Found a shadowy altar of Dithmenos.
  4864 | D:7      | Gained mutation: You passively map the area around you. [Deep Dwarf growth]
  4864 | D:7      | Reached XP level 9. HP: 50/78 MP: 9/9
  4920 | D:7      | Reached skill level 5 in Shields
  5038 | D:7      | Paralysed by a hornet for 2 turns
  5044 | D:7      | Paralysed by a hornet for 2 turns
  5301 | D:7      | Reached * piety under Makhleb
  5435 | D:7      | Found an opulent altar of Gozag.
  5471 | D:7      | Reached skill level 5 in Invocations
  5911 | D:7      | Found a deep blue altar of Sif Muna.
  5942 | D:8      | Noticed a two-headed ogre
  5947 | D:8      | Reached skill level 5 in Fighting
  5947 | D:8      | Reached skill level 9 in Axes
  5948 | D:8      | Slain by a two-headed ogre

Skill      XL: |  1  2  3  4  5  6  7  8  9 |
---------------+----------------------------+-----
Axes           | 3 4 5 6 7 8 9 |  9.0
Armour         | 4 5 6 8 |  8.6
Fighting       | 4 5 |  5.0
Invocations    | 3 5 |  5.5
Shields        | 4 6 |  6.0

Action                   |  1- 3 |  4- 6 |  7- 9 || total
-------------------------+-------+-------+-------++-------
Melee: War axe           |    78 |   135 |   242 ||   455
 Abil: Heal Wounds       |       |     2 |    16 ||    18
Evoke: Wand              |       |       |    20 ||    20
  Use: Scroll            |     3 |     5 |     9 ||    17
       Potion            |       |     1 |     6 ||     7
 Stab: Paralysed         |       |       |     9 ||     9
  Eat: Chunk             |     1 |     4 |     1 ||     6
       Ration            |       |     2 |     2 ||     4
Armor: Scale mail        |    27 |    56 |    25 ||   108
       Leather armour    |       |       |    44 ||    44
       Plate armour      |       |       |     5 ||     5
Dodge: Dodged            |    26 |    39 |    49 ||   114
Block: Shield            |    34 |    67 |   126 ||   227
